 Dungeon Crawl Stone Soup version 0.28-a0-309-gf6d37e6e1d (webtiles) character file.

Game seed: 12873940046890375258

30 KristoblXynda the Cudgeller (level 3, -2/22 HPs)
             Began as a Gargoyle Gladiator on Aug 30, 2021.
             Slain by Jessica (7 damage)
             ... on level 2 of the Dungeon.
             The game lasted 00:01:15 (1407 turns).

KristoblXynda the Cudgeller (Gargoyle Gladiator)    Turns: 1407, Time: 00:01:16

Health: -2/22      AC:  7    Str: 18    XL:     3   Next: 18%
Magic:  3/3        EV: 12    Int:  8    God:
Gold:   66         SH:  0    Dex: 11    Spells: 2/2 levels left

rFire   . . .      SeeInvis .   a - +0 flail
rCold   . . .      Faith    .   (no shield)
rNeg    + . .      Spirit   .   b - +0 leather armour
rPois   ∞          Reflect  .   c - +0 helmet
rElec   +          Harm     .   (no cloak)
rCorr   .          Rampage  .   (no gloves)
Will    .....                   (no boots)
Stlth   +.........              (no amulet)
HPRegen 0.07/turn               (no ring)
MPRegen 0.08/turn               (no ring)

@: no status effects
A: sickness immunity, AC +3, negative energy resistance 1, electricity
resistance, torment resistance 1, petrification resistance
a: no special abilities


You were on level 2 of the Dungeon.
You visited 1 branch of the dungeon, and saw 2 of its levels.

You collected 66 gold pieces.

Inventory:

Hand Weapons
 a - a +0 flail (weapon)
Missiles
 d - 3 throwing nets (quivered)
Armour
 b - a +0 leather armour (worn)
 c - a +0 helmet (worn)
 f - a +0 chain mail
Jewellery
 e - a ring of ice
 i - an amulet of magic regeneration
Scrolls
 g - a scroll of enchant weapon {unknown}
 h - a scroll of immolation {unknown}
Potions
 j - a potion of heal wounds {unknown}


   Skills:
 + Level 2.6 Fighting
 + Level 3.3 Maces & Flails
 - Level 2.0 Throwing
 + Level 0.7 Armour
 + Level 2.7 Dodging


You had 2 spell levels left.
You didn't know any spells.
Your spell library was empty.

Dungeon Overview and Level Annotations

Branches:
Dungeon (2/15)

Altars:

Annotations:
D:2 Jessica


Innate Abilities, Weirdness & Mutations

You are immune to sickness and miasma.
Your stone body is resilient. (AC +3)
You are immune to poison.
You resist negative energy. (rN+)
You are resistant to electric shocks. (rElec)
You are resistant to unholy torment.
You are immune to petrification.


Message History

The hobgoblin shouts!
A hobgoblin is nearby!
Found a viscous yellow potion.
The hobgoblin hits you but does no damage.
You hit the hobgoblin but do no damage. The hobgoblin closely misses you.
You barely miss the hobgoblin. The hobgoblin hits you.
Jessica the Apprentice Sorceress comes into view.
She is wielding a +8 club.
Jessica shouts!
You hit the hobgoblin.
You kill the hobgoblin!
A frilled lizard comes into view.
Jessica casts a spell at you. Pain shoots through your body!
You closely miss Jessica. Jessica barely misses you.
You hit Jessica.
Jessica is lightly wounded.
Jessica hits you with a +8 club!
Ouch! That really hurt!
* * * LOW HITPOINT WARNING * * *
Jessica barely misses you.
You are too injured to fight recklessly!
You are too injured to fight recklessly!
You are too injured to fight recklessly!
You are too injured to fight recklessly!
You are too injured to fight recklessly!
You are too injured to fight recklessly!
You are too injured to fight recklessly!
You are too injured to fight recklessly!
Unknown command.
There is a stone staircase leading down here.
Found a trident.
You aren't carrying any potions.
Jessica mumbles some strange words.
Jessica blinks!
Jessica gestures wildly while chanting.
Jessica seems to speed up.
You see here a viscous yellow potion.
j - a viscous yellow potion Jessica hits you with a +8 club!
You die...

#....### #.#....#.#
#......#######....#.#
#.....#..............
#)....#>.............
..#.....#..$.##########
.......l.....#
...####.......#
#.....@...##....
######@..###..... #...#
#...... ...........#.
..##........# ...
#...... .... ......
##... ...... P.#...
.....


You could see Jessica (fast) and a frilled lizard.

Vanquished Creatures
  A dart slug (D:1)
  An endoplasm (D:1)
  3 giant cockroaches (D:1)
  3 hobgoblins
  2 jackals (D:1)
  2 kobolds (D:1)
  3 quokkas
  A ball python (D:1)
  2 bats
  2 frilled lizards (D:1)
  3 goblins (D:1)
  2 rats (D:1)
25 creatures vanquished.

Notes
Turn   | Place    | Note
-------+----------+-------------------------------------------
     0 | D:1      | KristoblXynda the Gargoyle Gladiator began the quest for
                  | the Orb.
     0 | D:1      | Reached XP level 1. HP: 12/12 MP: 1/1
   333 | D:1      | Reached XP level 2. HP: 16/18 MP: 2/2
   926 | D:1      | Reached XP level 3. HP: 21/22 MP: 3/3
  1391 | D:2      | Noticed Jessica
  1407 | D:2      | Slain by Jessica

Illustrated notes

Levels and vault maps discovered:
D:1:      minmay_arrival_cross, layout_basic
D:2:      layout_basic, shapermc_ecumenical_altar_pompeii, serial_aquarium,
          aquarium_bridge_long_joined [aquarium_subvault_wall,
          aquarium_subvault_bridge, aquarium_subvault_bridge,
          aquarium_subvault_bridge, aquarium_subvault_balcony,
          aquarium_subvault_window], aquarium_bridge_square
          [aquarium_subvault_wall, aquarium_subvault_window,
          aquarium_subvault_wall, aquarium_subvault_bridge], aquarium_window_1,
          aquarium_window_fake, aquarium_window_corner, aquarium_view_2d,
          aquarium_balcony_double_1, aquarium_pool_1, uniq_crazy_yiuf_cottage,
          uniq_jessica

Skill      XL: |  1  2 |
---------------+-------+-----
Throwing       | 2 |  2.0
Fighting       | |  2.6
Maces & Flails | |  3.3
Armour         | |  0.7
Dodging        | |  2.7

Action                   || total
-------------------------++-------
Melee: Flail             ||    86
Armor: Leather armour    ||    37
Dodge: Dodged            ||    62

Table legend: (Time is in decaauts)
 A = Elapsed time spent in this place.
 B = Non-inter-level travel time spent in this place.
 C = Inter-level travel time spent in this place.
 D = Time resting spent in this place.
 E = Time spent auto-exploring this place.
 F = Levels seen in this place.
 G = Mean time per level.
                   A        B        C        D        E       F      G
               +--------+--------+--------+--------+--------+-----+--------+
         Total |   1427 |   1416 |     11 |    260 |    936 |   2 |  713.5 |
       Dungeon |   1427 |   1416 |     11 |    260 |    936 |   2 |  713.5 |
               +--------+--------+--------+--------+--------+-----+--------+

Top non-repeatable levels by time:
     D:1: 1221 daAuts
     D:2: 206 daAuts
